 Dungeon Crawl Stone Soup version 0.25.1-8-g42b30a86e7 (webtiles) character file.

Game seed: 13540688015600301101

17906 hawla the Thaumaturge (level 12, -5/81 HPs)
             Began as a Yellow Draconian Conjurer on Dec 18, 2020.
             Was an Elder of Vehumet.
             Slain by a freezing wraith (34 damage)
             ... on level 13 of the Dungeon on Dec 19, 2020.
             The game lasted 01:06:53 (19096 turns).

hawla the Thaumaturge (Yellow Draconian Conjurer)  Turns: 19096, Time: 01:06:54

Health: -5/81      AC: 11    Str: 11    XL:     12   Next: 23%
Magic:  28/28      EV: 12    Int: 21    God:    Vehumet [****..]
Gold:   745        SH:  0    Dex: 13    Spells: 5/35 levels left

rFire    + . .     SeeInvis .   y - staff of wizardry
rCold    x . .     Gourm    .   (no shield)
rNeg     + . .     Faith    +   (armour unavailable)
rPois    .         Spirit   .   (helmet restricted)
rElec    .         Reflect  .   H - +0 cloak
rCorr    +         Harm     .   o - +0 pair of gloves
MR       .....     Clarity  +   w - +0 pair of boots
Stlth    ++........             L - amulet of faith
HPRegen  0.23/turn              d - ring of fire
MPRegen  0.21/turn              G - ring of positive energy

@: slowed, very slow
A: spit acid, unfitting armour, agile 1, clarity, wild magic 1, cold-blooded,
acid resistance, AC +8
a: Breathe Acid, Renounce Religion


You were on level 13 of the Dungeon.
You worshipped Vehumet.
Vehumet was greatly pleased with you.
You were not hungry.

You visited 2 branches of the dungeon, and saw 14 of its levels.

You collected 783 gold pieces.
You spent 38 gold pieces at shops.

Inventory:

Hand Weapons
 n - a +0 quarterstaff
 t - a +2 quarterstaff of speed
Missiles
 f - 7 silver boomerangs (quivered)
 h - 8 curare-tipped darts
 l - 36 poisoned darts
 A - 11 boomerangs
 T - 7 boomerangs of dispersal
Armour
 o - a +0 pair of gloves (worn)
 w - a +0 pair of boots (worn)
 H - a +0 cloak (worn)
Magical Staves
 y - an uncursed staff of wizardry (weapon)
 E - an uncursed staff of air
 M - an uncursed staff of earth
Jewellery
 d - a ring of fire (left hand)
 k - an uncursed ring of protection from cold
 q - a +4 ring of evasion
 r - an uncursed amulet of regeneration
 x - an uncursed ring of protection from cold
 F - an uncursed ring of protection from magic
 G - a ring of positive energy (right hand)
 L - an amulet of faith (around neck)
 O - a +6 ring of strength
 U - an uncursed amulet of magic regeneration {unknown}
Wands
 a - a wand of digging (19)
 p - a wand of paralysis (16)
 v - a wand of random effects (55)
 B - a wand of polymorph (6)
 I - a wand of flame (17)
Scrolls
 c - 3 scrolls of teleportation
 g - 2 scrolls of fog
 i - 9 scrolls of remove curse
 m - 3 scrolls of magic mapping
 u - a scroll of enchant weapon
 z - a scroll of blinking
 K - 2 scrolls of fear
Potions
 e - 2 potions of heal wounds
 j - a potion of brilliance
 s - a potion of resistance {unknown}
 C - a potion of cancellation
 D - a potion of magic
 J - a potion of flight
 N - a potion of might
Miscellaneous
 Q - a phantom mirror
 R - a lightning rod (4/4)
Comestibles
 b - 31 rations


   Skills:
 + Level 10.9 Staves
 - Level 1.7 Dodging
 - Level 1.7 Stealth
 - Level 12.4 Spellcasting
 - Level 8.0 Conjurations
 - Level 2.5 Hexes
 - Level 5.8 Translocations
 - Level 3.7 Fire Magic
 - Level 0.1 Ice Magic
 - Level 0.9 Poison Magic


You had 5 spell levels left.
You knew the following spells:

 Your Spells              Type           Power        Failure   Level  Hunger
a - Magic Dart            Conj           ####         1%          1    None
b - Searing Ray           Conj           ######       1%          2    None
c - Iskenderun's Mystic   Conj/Tloc      ######..     1%          4    None
d - Dazzling Flash        Conj/Hex       #####.       1%          3    None
e - Inner Flame           Hex/Fire       ######..     1%          3    None
f - Frozen Ramparts       Ice            ###...       2%          3    None
g - Olgreb's Toxic Radia  Pois           ###.....     5%          4    None
h - Ignite Poison         Fire/Tmut/Pois #####...     1%          3    None
i - Conjure Flame         Conj/Fire      ######..     1%          3    None
j - Sticky Flame          Conj/Fire      ######..     1%          4    None

Your spell library contained the following spells:

 Spells                   Type           Power        Failure   Level  Hunger
 Corona                   Hex            ####...      1%          1    None
 Slow                     Hex            ####....     1%          2    None
 Gell's Gravitas          Tloc           #####.....   1%          3    None
 Mephitic Cloud           Conj/Pois/Air  ####....     1%          3    None
 Portal Projectile        Hex/Tloc       #####.       1%          3    None
 Fulminant Prism          Conj/Hex       #####.....   1%          4    None
 Sting                    Tmut/Pois      ###.         2%          1    None
 Confusing Touch          Hex            ####....     3%          3    None
 Poisonous Vapours        Pois/Air       ###...       4%          2    None
 Cause Fear               Hex            ####......   10%         4    None
 Yara's Violent Unravell  Hex/Tmut       ###.......   12%         5    ####...
 Leda's Liquefaction      Hex/Erth       ###.......   16%         4    None
 Petrify                  Tmut/Erth      ###.....     26%         4    None
 Metabolic Englaciation   Hex/Ice        ###.......   38%         5    ####...
 Malign Gateway           Summ/Tloc      ####......   99%         7    #######
 Monstrous Menagerie      Summ           ###.......   100%        7    #######
 Summon Greater Demon     Summ           ###.......   100%        7    #######
 Summon Horrible Things   Summ           ###.......   100%        8    #######


Dungeon Overview and Level Annotations

Branches:
Dungeon (13/15)            Temple (1/1) D:6            Lair (0/6) D:11
    Orc (0/2) D:12
 Vaults: D:13-14

Altars:
Ashenzari
Cheibriados
Dithmenos
Elyvilon
Gozag
Hepliaklqana
Kikubaaqudgha
Makhleb
Nemelex Xobeh
Okawaru
Qazlal
Ru
Sif Muna
Trog
Uskayaw
Vehumet
Wu Jian
Xom
Yredelemnul
Zin
The Shining One

Shops:
D:5 ([!!   D:7 *

Annotations:
D:9 Get the loot
D:10 2 transporters, 0gre's ghost, journeyman GnIE


Innate Abilities, Weirdness & Mutations

You can spit globs of acid.
Your golden yellow scales are hard. (AC +8)
You cannot fit into any form of body armour.
You are cold-blooded and may be slowed by cold attacks.
You are resistant to acid. (rCorr)
You are agile. (Dex +2)
You possess an exceptional clarity of mind.
Your spells are a little harder to cast, but a little more powerful.


Message History

Vehumet accepts your kill.
You feel your power returning.
You start resting.
Magic restored.
You start resting.
HP restored.
You climb downwards.
The centaur warrior shoots an arrow.
The arrow hits you! The freezing wraith closely misses you.
The freezing wraith hits you.
A gnoll comes into view. It is wielding a +0 whip.
An ice beast comes into view.
The centaur warrior shoots an arrow.
The arrow hits you! The freezing wraith misses you.
The freezing wraith completely misses you.
The ice beast moves out of view.
There is a stone staircase leading up, spattered with blood here.
You see here 6 arrows.
The centaur warrior shoots an arrow.
The arrow hits you! The freezing wraith hits you.
The freezing wraith freezes you!!
You feel a terrible chill!
You feel yourself slow down.
You die...

......
#.g..
##.... #
.... #..
...# ....
#..#.....
#.....##.
#@.Y.....
#.W......
####.....
.hcā‰ˆ
ā‰ˆ.ā‰ˆ
ā‰ˆ.


Y You could see a centaur warrior, a freezing wraith, a black bear, 2 ice beasts
and a gnoll.

Vanquished Creatures
  A very ugly thing (D:8)
  A two-headed ogre (D:11)
  4 skeletal warriors (D:12)
  2 unseen horrors (D:12)
  An obsidian statue (D:9)
  Psyche (D:9)
  A komodo dragon (D:11)
  2 polar bears
  3 trolls (D:12)
  Grinder (D:3)
  Prince Ribbit (D:9)
  A hippogriff (D:9)
  Sigmund (D:6)
  4 fire bats (D:9)
  A wyvern (D:12)
  11 yaks
  3 vampire mosquitoes (D:12)
  Edmund (D:6)
  9 orc warriors
  A hell hound (D:9)
  A black bear (D:8)
  An eye of draining (D:11)
  5 ice beasts
  2 phantoms
  3 sky beasts
  12 ogres
  6 centaurs
  A crocodile (D:9)
  3 big kobolds (D:12)
  Blork the orc (D:6)
  8 bullfrogs
  3 gnoll sergeants (D:12)
  3 scorpions
  7 killer bees
  4 wights (D:9)
  A howler monkey (D:6)
  9 crimson imps
  A bullfrog zombie (D:12)
  2 lava snakes (D:9)
  2 hounds (D:4)
  7 orc wizards
  8 orc priests
  2 bullfrog skeletons
  4 jellies
  3 centaur skeletons
  Ijyb (D:3)
  2 iguanas
  11 worker ants
  2 centaur simulacra (D:10)
  A killer bee simulacrum (D:10)
  A worker ant zombie (D:8)
  Robin (D:4)
  3 gnolls
  10 adders
  A howler monkey skeleton (D:4)
  A hound simulacrum (D:10)
  5 shadow imps
  4 white imps
  5 ufetubi (D:10)
  An ooze (D:1)
  3 adder skeletons
  5 dart slugs
  6 leopard geckos
  39 orcs
  5 ball pythons
  6 giant cockroaches
  25 goblins
  9 hobgoblins
  13 jackals
  4 kobolds
  4 quokkas
  A ball python skeleton (D:5)
  8 bats
  2 frilled lizards (D:3)
  A leopard gecko skeleton (D:4)
  6 rats
  3 fire vortices (D:9)
338 creatures vanquished.

Vanquished Creatures (others)
  A plant (D:11)
1 creature vanquished.

Grand Total: 339 creatures vanquished

Notes
Turn   | Place    | Note
-------+----------+-------------------------------------------
     0 | D:1      | hawla the Draconian Conjurer began the quest for the Orb.
     0 | D:1      | Reached XP level 1. HP: 14/14 MP: 3/3
   168 | D:1      | Reached XP level 2. HP: 20/20 MP: 1/5
   299 | D:1      | Learned a level 2 spell: Searing Ray
   550 | D:1      | Reached XP level 3. HP: 26/26 MP: 0/6
  1854 | D:2      | Reached skill level 5 in Conjurations
  2232 | D:3      | Reached XP level 4. HP: 26/33 MP: 0/8
  2238 | D:3      | Learned a level 4 spell: Iskenderun's Mystic Blast
  2553 | D:3      | Noticed Grinder
  2560 | D:3      | Paralysed by Grinder for 5 turns
  2568 | D:3      | Killed Grinder
  2568 | D:3      | Reached skill level 3 in Spellcasting
  2568 | D:3      | Reached XP level 5. HP: 24/38 MP: 0/10
  2568 | D:3      | Reached XP level 6. HP: 28/45 MP: 0/11
  3486 | D:3      | Noticed Ijyb
  3496 | D:3      | Killed Ijyb
  3840 | D:5      | Entered Level 5 of the Dungeon
  3840 | D:5      | Found Tiycam's Distillery.
  3840 | D:5      | Found Vesoacuon's Antique Weapon Shoppe.
  3840 | D:5      | Found Qiywk's Distillery.
  3843 | D:5      | Found Olusaty's Armour Shoppe.
  3941 | D:5      | Reached skill level 4 in Spellcasting
  3948 | D:5      | Your scales start taking on a golden yellow colour.
  3948 | D:5      | Reached XP level 7. HP: 47/50 MP: 3/13
  3948 | D:5      | Gained mutation: You are resistant to acid. (rCorr) [Yellow
                  | Draconian growth]
  4388 | D:4      | Reached skill level 5 in Spellcasting
  4687 | D:4      | Noticed Robin
  4709 | D:4      | Killed Robin
  5059 | D:4      | Reached skill level 6 in Spellcasting
  5546 | D:4      | Learned a level 3 spell: Dazzling Flash
  5785 | D:5      | Bought a potion of degeneration for 12 gold pieces
  5828 | D:5      | Reached XP level 8. HP: 57/57 MP: 14/17
  6026 | D:5      | Reached skill level 1 in Hexes
  6817 | D:6      | Reached skill level 5 in Translocations
  6940 | D:6      | Noticed Edmund
  6986 | D:6      | Killed Edmund
  7111 | D:6      | Reached skill level 7 in Spellcasting
  7372 | D:6      | Found a snail-covered altar of Cheibriados.
  7432 | D:6      | Found a staircase to the Ecumenical Temple.
  7451 | Temple   | Entered the Ecumenical Temple
  7513 | Temple   | Became a worshipper of Vehumet
  7535 | D:6      | Noticed Sigmund
  7552 | D:6      | Killed Sigmund
  7552 | D:6      | Reached XP level 9. HP: 62/62 MP: 14/20
  7557 | D:6      | Learned a level 3 spell: Inner Flame
  7671 | D:6      | Noticed Blork the orc
  7674 | D:6      | Killed Blork the orc
  7728 | D:6      | Reached skill level 1 in Fire Magic
  8296 | D:7      | Found Iaokul's Incredible Inventory.
  8300 | D:7      | Gained mutation: Your tail ends in a poisonous barb.
                  | [potion of mutation]
  8300 | D:7      | Gained mutation: You expend magic power (3 MP) to
                  | strengthen your wands. [potion of mutation]
  8458 | D:7      | Found a sacrificial altar of Ru.
  8535 | D:7      | Reached skill level 8 in Spellcasting
  8863 | D:7      | Reached * piety under Vehumet
  8863 | D:7      | Offered knowledge of Shock by Vehumet.
  9383 | D:7      | Reached skill level 9 in Spellcasting
 10093 | D:8      | Found a shadowy altar of Dithmenos.
 10219 | D:8      | Reached XP level 10. HP: 69/69 MP: 17/23
 10277 | D:8      | Found a burning altar of Makhleb.
 10379 | D:8      | Reached skill level 10 in Spellcasting
 10444 | D:8      | Noticed a red very ugly thing
 10570 | D:8      | Killed a red very ugly thing
 11055 | D:8      | Reached skill level 11 in Spellcasting
 11180 | D:8      | Found a stormy altar of Qazlal.
 11184 | D:8      | Found an opulent altar of Gozag.
 11435 | D:9      | Noticed Psyche
 11440 | D:9      | Killed Psyche
 11739 | D:9      | Reached ** piety under Vehumet
 11739 | D:9      | Offered knowledge of Sandblast by Vehumet.
 11876 | D:9      | Noticed an obsidian statue
 12305 | D:9      | Noticed Prince Ribbit
 12315 | D:9      | Killed Prince Ribbit
 12551 | D:9      | Reached skill level 12 in Spellcasting
 13003 | D:9      | Noticed a sun demon
 13151 | D:10     | Entered Level 10 of the Dungeon
 13151 | D:10     | Found a transporter.
 13544 | D:10     | Offered knowledge of Frozen Ramparts by Vehumet.
 13544 | D:10     | Reached XP level 11. HP: 48/74 MP: 20/27
 13549 | D:10     | Learned a level 3 spell: Frozen Ramparts
 13573 | D:10     | Found a transporter.
 13573 | D:10     | Noticed 0gre's ghost (journeyman GnIE)
 13790 | D:9      | Killed an obsidian statue
 13896 | D:10     | Reached *** piety under Vehumet
 13896 | D:10     | Reached skill level 1 in Staves
 14292 | D:10     | Learned a level 4 spell: Olgreb's Toxic Radiance
 14296 | D:10     | Learned a level 3 spell: Ignite Poison
 14453 | D:10     | Offered knowledge of Conjure Flame by Vehumet.
 14458 | D:10     | Learned a level 3 spell: Conjure Flame
 14493 | D:10     | Lost mutation: You expend magic power (3 MP) to strengthen
                  | your wands. [potion of mutation]
 14493 | D:10     | Lost mutation: Your tail ends in a poisonous barb. [potion
                  | of mutation]
 14493 | D:10     | Gained mutation: Your spells are a little harder to cast,
                  | but a little more powerful. [potion of mutation]
 14493 | D:10     | Gained mutation: You possess an exceptional clarity of
                  | mind. [potion of mutation]
 14493 | D:10     | Gained mutation: You are agile. (Dex +2) [potion of
                  | mutation]
 14897 | D:7      | Bought a scroll of identify for 26 gold pieces
 15295 | D:11     | Found a staircase to the Lair.
 15375 | D:11     | Noticed a two-headed ogre
 15381 | D:11     | Killed a two-headed ogre
 16112 | D:12     | Reached skill level 5 in Staves
 16390 | D:12     | Killed an unseen horror
 16697 | D:12     | Reached **** piety under Vehumet
 16936 | D:12     | Killed an unseen horror
 16936 | D:12     | Offered knowledge of Sticky Flame by Vehumet.
 16942 | D:12     | Learned a level 4 spell: Sticky Flame
 17213 | D:12     | Found a staircase to the Orcish Mines.
 17820 | D:12     | Noticed a skeletal warrior
 17833 | D:12     | Noticed a skeletal warrior
 17834 | D:12     | Killed a skeletal warrior
 17834 | D:12     | Reached XP level 12. HP: 55/81 MP: 11/28
 18154 | D:12     | Reached skill level 10 in Staves
 18891 | D:13     | Noticed a centaur warrior
 19096 | D:13     | Slain by a freezing wraith

Illustrated notes

Levels and vault maps discovered:
D:1:      tarquinn_simple_flora_water_c, layout_rooms
D:2:      layout_loops_corners, first_ration
D:3:      kennysheep_goblin_castle, layout_basic, uniq_grinder
D:4:      minmay_inner_zag, layout_cave_pods, minmay_misc_feat_five,
          hangedman_decor_lopped, uniq_robin
D:5:      layout_basic, minmay_shop_grid_forest
D:6:      minmay_chambers_of_threes, layout_cave_pools, kennysheep_slug_shrine,
          minmay_temple_entry_gardened_gates, uniq_edmund, uniq_sigmund,
          uniq_blork_the_orc
D:7:      layout_cave_pods, kennysheep_mini_moat, grunt_ogre_cave,
          nicolae_alphabet_shops, grunt_decor_arrowhead
D:8:      layout_cave_pods, grunt_dithmenos_smoke_and_mirrors,
          nicolae_overflow_hidden_temple, kennysheep_just_a_vault
D:9:      layout_basic, minivault_15, hangedman_incinerator,
          uniq_prince_ribbit1, uniq_psyche
D:10:     layout_big_octagon, gammafunk_ghost_mausoleum, serial_ice,
          serial_ice_m, serial_ice_b, serial_ice_c, serial_ice_g, serial_ice_h,
          serial_ice_e, serial_ice_n, serial_ice_o
D:11:     layout_gridville, david_lair_shrubbed
D:12:     layout_basic, kennysheep_orc_monster_closet_entryway
D:13:     layout_cave_pools, ximxim_vaults_locker_room, ice2_lemuel,
          uniq_maurice, uniq_snorg
Temple:   eino_wide_crystal_templ

Skill      XL: |  1  2  3  4  5  6  7  8  9 10 11 12 |
---------------+-------------------------------------+-----
Conjurations   | 5 6 7 8 |  8.0
Spellcasting   | 3 4 6 7 9 12 | 12.4
Translocations | 3 4 5 |  5.8
Hexes          | 1 2 |  2.5
Fire Magic     | 3 |  3.7
Staves         | 9 10 | 10.9
Dodging        | |  1.7
Stealth        | |  1.7
Ice Magic      | |  0.1
Poison Magic   | |  0.9

Action                   |  1- 3 |  4- 6 |  7- 9 | 10-12 || total
-------------------------+-------+-------+-------+-------++-------
Melee: Dagger            |    34 |    31 |     9 |       ||    74
       Unarmed           |     9 |       |       |       ||     9
       Tailslap          |     2 |       |     5 |     2 ||     9
       Quarterstaff      |       |       |    51 |    20 ||    71
       Staff             |       |       |       |    14 ||    14
Throw: Boomerang         |       |       |     1 |    11 ||    12
       Dart              |       |       |     1 |       ||     1
 Cast: Magic Dart        |    65 |    26 |   159 |   165 ||   415
       Searing Ray       |     8 |    20 |    63 |   117 ||   208
       Iskenderun's Myst |       |     1 |    23 |    73 ||    97
       Dazzling Flash    |       |       |     7 |     1 ||     8
       Inner Flame       |       |       |    10 |    10 ||    20
       Frozen Ramparts   |       |       |       |    10 ||    10
       Olgreb's Toxic Ra |       |       |       |     7 ||     7
       Sticky Flame      |       |       |       |     3 ||     3
       Ignite Poison     |       |       |       |     3 ||     3
       Conjure Flame     |       |       |       |    10 ||    10
 Abil: Breathe Acid      |       |       |     2 |     1 ||     3
Evoke: Wand              |       |       |       |     1 ||     1
  Use: Scroll            |     4 |     2 |    11 |     7 ||    24
       Potion            |       |     6 |     2 |     8 ||    16
  Eat: Chunk             |     5 |     5 |    24 |    19 ||    53
       Ration            |       |       |       |     3 ||     3
Armor: Skin              |     7 |    55 |    47 |    74 ||   183
Dodge: Dodged            |    27 |    21 |   108 |   103 ||   259
